 Dungeon Crawl Stone Soup version 0.20.0-15-g7f486f2 (webtiles) character file.

371 JohnnyMnemonic the Cleaver (level 6, 0/76 HPs)
             Began as a Hill Orc Fighter on July 1, 2017.
             Was an Initiate of Okawaru.
             Slain by howech's ghost (7 damage)
             ... on level 4 of the Dungeon.
             The game lasted 00:03:16 (3728 turns).

JohnnyMnemonic the Cleaver (Hill Orc Fighter)       Turns: 3728, Time: 00:03:17

Health: 0/76       AC: 23    Str: 21    XL:     6   Next: 70%
Magic:  7/7        EV:  2    Int: 13    God:    Okawaru [......]
Gold:   160        SH:  9    Dex: 15    Spells: 5/5 levels left

rFire    . . .     SeeInvis .   a - +0 war axe
rCold    . . .     Gourm    .   c - +0 shield
rNeg     + + +     Faith    .   (armour currently unavailable)
rPois    +         Spirit   .   (helmet currently unavailable)
rElec    .         Reflect  .   (cloak currently unavailable)
rCorr    .         Harm     .   (gloves currently unavailable)
MR       +....     NoTele   +   (boots currently unavailable)
Stlth    ++........             (no amulet)
Regen    0.3/turn               n - ring of positive energy
MPRegen  0.1/turn               w - ring of protection from magic

@: brilliant, agile, tree-form
A: no striking features
a: Renounce Religion


You were on level 4 of the Dungeon.
You worshipped Okawaru.
Okawaru was noncommittal.
You were very hungry.
You were a tree.
You visited 1 branch of the dungeon, and saw 4 of its levels.

You collected 160 gold pieces.

Inventory:

Hand Weapons
 a - a +0 war axe (weapon)
Armour
 b - a +0 scale mail
 c - a +0 shield (worn)
 t - a +0 pair of gloves (melded)
 x - a +0 chain mail (melded)
Jewellery
 n - a ring of positive energy (left branch)
 w - a ring of protection from magic (right branch)
Scrolls
 e - 2 scrolls of remove curse
 h - a scroll of amnesia {unknown}
 i - 4 scrolls of enchant weapon {unknown}
 l - 4 scrolls of identify {unknown}
 m - 3 scrolls of magic mapping {unknown}
 p - a scroll of fog {unknown}
 u - a scroll of recharging {unknown}
 y - 2 scrolls of blinking {unknown}
Potions
 d - a potion of brilliance
Books
 s - a book of Minor Magic

   Spells                             Type                      Level
   a - Magic Dart                     Conjuration                  1
   b - Blink                          Translocation                2
   c - Call Imp                       Summoning                    2
   d - Slow                           Hexes                        2
   e - Conjure Flame                  Conjuration/Fire             3
   f - Mephitic Cloud                 Conjuration/Poison/Air       3
Comestibles
 f - 4 bread rations
 k - a meat ration
 o - 2 fruits
 r - a royal jelly


   Skills:
 - Level 3.6 Fighting
 + Level 8.9 Axes
 - Level 3.2 Armour
 - Level 3.2 Shields
 + Level 1.8 Invocations


You had 5 spell levels left.
You didn't know any spells.

Dungeon Overview and Level Annotations

Branches:
Dungeon (4/15)
 Temple: D:4-7

Altars:
Fedhas
Gozag
Hepliaklqana
Okawaru
Ru
Trog

Annotations:
D:4 howech's ghost, amateur DDFi


Message History

Howech's ghost hits you.
* * * LOW HITPOINT WARNING * * *
You hit howech's ghost.
Howech's ghost is almost destroyed.
Howech's ghost hits you!
* * * LOW HITPOINT WARNING * * *
You closely miss howech's ghost.
Howech's ghost is almost destroyed.
Howech's ghost hits you.
* * * LOW HITPOINT WARNING * * *
You block howech's ghost's attack.
It was a potion of lignification.
You turn into a tree.
Your +0 pair of gloves melds into your body.
Your +0 chain mail melds into your body.
Your roots penetrate the ground.
Howech's ghost hits you but does no damage.
You closely miss howech's ghost.
Howech's ghost is almost destroyed.
Howech's ghost hits you!
You die...

#.......#
#.......#
##.......#
.........#
##.......#
......%..#
#....W..#
#.....♣.#
#.......#
#.(.....#
#########


You could see howech's ghost.

Vanquished Creatures
  Sigmund (D:2)
  A scorpion (D:3)
  Jessica (D:2)
  An iguana (D:3)
  Terence (D:2)
  An adder (D:2)
  An ooze (D:2)
  A worm (D:2)
  4 leopard geckos
  3 orcs (D:3)
  2 ball pythons (D:2)
  8 bats
  5 giant cockroaches (D:2)
  9 goblins
  5 hobgoblins
  3 jackals (D:1)
  7 kobolds
  A quokka (D:3)
  10 frilled lizards
  A giant cockroach zombie (D:3)
  6 rats
72 creatures vanquished.

Notes
Turn   | Place    | Note
-------+----------+-------------------------------------------
     0 | D:1      | JohnnyMnemonic the Hill Orc Fighter began the quest for the Orb.
     0 | D:1      | Reached XP level 1. HP: 19/19 MP: 1/1
   231 | D:1      | Reached skill level 3 in Axes
   339 | D:1      | Reached XP level 2. HP: 26/26 MP: 2/2
   516 | D:1      | Reached skill level 4 in Axes
  1041 | D:2      | Noticed Terence
  1047 | D:2      | Reached XP level 3. HP: 12/31 MP: 3/3
  1055 | D:2      | Killed Terence
  1055 | D:2      | Reached skill level 5 in Axes
  1333 | D:2      | Found a hazy altar of Hepliaklqana.
  1333 | D:2      | Found a bloodstained altar of Trog.
  1344 | D:2      | Reached XP level 4. HP: 39/39 MP: 4/4
  1466 | D:2      | Noticed Sigmund
  1481 | D:2      | Killed Sigmund
  1481 | D:2      | Reached skill level 7 in Axes
  1481 | D:2      | Reached XP level 5. HP: 7/45 MP: 5/5
  1861 | D:2      | Noticed Jessica
  1869 | D:2      | Killed Jessica
  1869 | D:2      | Reached skill level 8 in Axes
  1869 | D:2      | Reached XP level 6. HP: 51/51 MP: 6/6
  2389 | D:3      | Found a blossoming altar of Fedhas.
  2476 | D:3      | Found a sacrificial altar of Ru.
  2970 | D:3      | Found an iron altar of Okawaru.
  3164 | D:3      | Became a worshipper of Warmaster Okawaru
  3257 | D:3      | Reached skill level 1 in Invocations
  3400 | D:3      | Found an opulent altar of Gozag.
  3707 | D:4      | Noticed howech's ghost (amateur DDFi)
  3728 | D:4      | Slain by howech's ghost

Skill      XL: |  1  2  3  4  5  6 |
---------------+-------------------+-----
Axes           | 3 4 5 7 8 |  8.9
Invocations    | 1 |  1.8
Fighting       | |  3.6
Armour         | |  3.2
Shields        | |  3.2

Action                   |  1- 3 |  4- 6 || total
-------------------------+-------+-------++-------
Melee: War axe           |    61 |   163 ||   224
  Use: Potion            |       |     5 ||     5
       Scroll            |       |     1 ||     1
  Eat: Chunk             |       |     8 ||     8
Armor: Scale mail        |    35 |    36 ||    71
       Chain mail        |       |    18 ||    18
       Skin              |       |     1 ||     1
Dodge: Dodged            |    17 |    34 ||    51
Block: Shield            |    35 |    73 ||   108
